 Dungeon Crawl Stone Soup version 0.19.1 (webtiles) character file.

2546 ChaseSP the Basher (level 9, -5/51 HPs)
             Began as a Gargoyle Fighter on Nov 26, 2016.
             Was a Priest of Okawaru.
             Slain by an earth elemental (7 damage)
             ... on level 2 of the Abyss.
             The game lasted 00:13:50 (6836 turns).

ChaseSP the Basher (Gargoyle Fighter)               Turns: 6836, Time: 00:13:51

Health: -5/51      AC: 17    Str: 20    XL:     9   Next: 55%
Magic:  11/11      EV:  5    Int: 10    God:    Okawaru [***...]
Gold:   503        SH:  9    Dex: 11    Spells: 1 memorised, 6 levels left

rFire  . . .     SeeInvis .     a - +1 flail
rCold  . . .     Gourm    .     o - +0 chain mail
rNeg   + . .     Faith    .     c - +0 shield
rPois  ∞         Spirit   .     (no helmet)
rElec  +         Reflect  .     E - +0 cloak
rCorr  .         Harm     .     g - +0 pair of gloves
MR     +....                    (no boots)
Stlth  ..........               K - amulet of regeneration
                                (no ring)
                                H - ring of protection from magic

@: no status effects
A: negative energy resistance 1, electricity resistance, unbreathing,
petrification resistance, rot immunity, AC +5
a: Heroism, Renounce Religion


You were on level 2 of the Abyss.
You worshipped Okawaru.
Okawaru was most pleased with you.
You were hungry.

You visited 2 branches of the dungeon, and saw 8 of its levels.
You visited the Abyss 1 time.

You collected 503 gold pieces.

Inventory:

Hand Weapons
 a - a +1 flail (weapon)
Missiles
 D - 52 bolts
Armour
 c - a +0 shield (worn)
 g - a +0 pair of gloves (worn)
 o - a +0 chain mail (worn)
 E - a +0 cloak (worn)
 Q - a cursed +0 ring mail
Jewellery
 H - a ring of protection from magic (left hand)
 K - an amulet of regeneration (around neck)
Wands
 t - a wand of flame (22/48)
 u - a wand of random effects (25/48)
 F - a wand of disintegration (10/24)
 L - a wand of flame (13/48)
 N - a wand of polymorph (18/24)
Scrolls
 b - 5 scrolls of remove curse
 e - 5 scrolls of teleportation
 i - 2 scrolls of enchant weapon
 v - a scroll of fog {unknown}
 w - 7 scrolls of identify {unknown}
 y - 2 scrolls of recharging {unknown}
 C - a scroll of magic mapping {unknown}
 G - 2 scrolls of blinking {unknown}
 M - 2 scrolls of noise {unknown}
 P - a scroll of fear {unknown}
 R - a scroll of immolation {unknown}
Potions
 d - 2 potions of might
 j - 3 potions of mutation {unknown}
 k - 6 potions of curing {unknown}
 l - 2 potions of heal wounds {unknown}
 n - a potion of brilliance {unknown}
 p - a potion of resistance {unknown}
 q - 2 potions of cancellation {unknown}
 x - 2 potions of lignification {unknown}
 A - a potion of degeneration {unknown}
 B - 2 potions of berserk rage {unknown}
 I - a potion of agility {unknown}
 O - a potion of ambrosia {unknown}
Books
 J - a book of Callings

   Spells                             Type                      Level
   a - Summon Small Mammal            Summoning                    1
   b - Call Imp                       Summoning                    2
   c - Call Canine Familiar           Summoning                    3
   d - Summon Guardian Golem          Hexes/Summoning              3
   e - Summon Lightning Spire         Summoning/Air                4
   f - Summon Ice Beast               Ice/Summoning                4
Comestibles
 f - 8 bread rations
 h - a royal jelly
 m - 2 slices of pizza
 r - 8 fruits
 s - 3 meat rations
 z - 8 beef jerkies


   Skills:
 - Level 3.2 Fighting
 * Level 11.5 Maces & Flails
 - Level 3.2 Armour
 - Level 3.2 Shields
 + Level 3.6 Summonings
 - Level 3.1 Invocations


You had 6 spell levels left.
You knew the following spells:

 Your Spells              Type           Power        Failure   Level  Hunger
a - Call Imp              Summ           #.......     100%        2    ###....


Dungeon Overview and Level Annotations

Branches:
Dungeon (7/15)             Temple (1/1) D:5

Altars:
Cheibriados
Dithmenos
Elyvilon
Fedhas
Gozag
Hepliaklqana
Kikubaaqudgha
Makhleb
Nemelex Xobeh
Okawaru
Qazlal
Ru
Sif Muna
Trog
Uskayaw
Xom
Yredelemnul
Zin

Annotations:
D:4 misery's ghost, amateur DECj
D:6 Matt14916's ghost, novice MiFi


Innate Abilities, Weirdness & Mutations

You are resistant to torment.
Your stone body is resilient. (AC +5)
You are immune to poison.
You resist negative energy. (rN+)
You are resistant to electric shocks. (rElec)
You can survive without breathing.
You are immune to petrification.
You are immune to rotting.


Message History

The earth elemental hits you but does no damage.
You hit the earth elemental.
The earth elemental is heavily damaged.
Your shield and chain mail prevent you from hitting the earth elemental.
The earth elemental is heavily damaged.
The earth elemental hits you!
* * * LOW HITPOINT WARNING * * *
You hit the earth elemental.
The earth elemental is severely damaged.
You hit the earth elemental but do no damage.
The earth elemental is severely damaged.
The earth elemental hits you!!
* * * LOW HITPOINT WARNING * * *
You are too injured to fight recklessly!
You are too injured to fight recklessly!
Unknown command.
You hit the earth elemental.
The earth elemental is severely damaged.
The earth elemental hits you!
You die...

# . . # ## .. ..
## ## . . #. ..#
≈# . . ... . # .#
.# # . ##.#. # .#
.# #.#..#### ## #
#. #.....@#⌠
⌠#.### ..
.......#E$∩$... .
. # #
.#.###...#⌠$⌠#..#.
# . ..## ##.## # .
...#.#. .# #.#.
.##.. #.# . ### .
. #≈ .# # # # .# #


You could see an earth elemental.

Vanquished Creatures
  A hippogriff (D:7)
  2 water elementals (Abyss:2)
  An orc warrior (D:6)
  An ice beast (D:7)
  2 phantoms
  A necrophage (D:6)
  2 ogres (D:7)
  3 centaurs
  A big kobold (D:7)
  3 bullfrogs (D:7)
  4 scorpions
  A howler monkey (D:7)
  A crimson imp (D:3)
  3 hounds
  A jelly (D:3)
  3 bullfrog skeletons
  A bullfrog zombie (D:7)
  3 orc wizards
  A centaur skeleton (D:6)
  3 iguanas
  2 worker ants
  7 gnolls (D:7)
  8 adders
  An ooze (D:3)
  3 worms
  3 leopard geckos
  10 orcs
  A ball python (D:1)
  5 giant cockroaches
  2 goblins
  6 hobgoblins
  12 jackals
  10 kobolds
  5 quokkas
  6 bats
  6 frilled lizards
  2 leopard gecko skeletons (D:7)
  2 rats
129 creatures vanquished.

Vanquished Creatures (others)
  An orc wizard (D:6)
  An orc (D:3)
2 creatures vanquished.

Grand Total: 131 creatures vanquished

Notes
Turn   | Place    | Note
-------+----------+-------------------------------------------
     0 | D:1      | ChaseSP the Gargoyle Fighter began the quest for the Orb.
     0 | D:1      | Reached XP level 1. HP: 14/14 MP: 1/1
   184 | D:1      | Reached XP level 2. HP: 19/19 MP: 2/2
   518 | D:1      | Reached skill level 3 in Maces & Flails
  1099 | D:2      | Reached XP level 3. HP: 23/23 MP: 3/3
  1975 | D:2      | Reached skill level 4 in Maces & Flails
  1993 | D:3      | Reached XP level 4. HP: 16/28 MP: 4/4
  2286 | D:3      | Reached skill level 5 in Maces & Flails
  2291 | D:3      | Reached XP level 5. HP: 29/32 MP: 5/5
  3160 | D:4      | Reached skill level 6 in Maces & Flails
  3160 | D:4      | Reached XP level 6. HP: 29/37 MP: 6/6
  3491 | D:4      | Noticed misery's ghost (amateur DECj)
  3526 | D:5      | Entered Level 5 of the Dungeon
  3621 | D:5      | Noticed a phantom
  3622 | D:5      | Found a staircase to the Ecumenical Temple.
  3640 | D:5      | Reached skill level 7 in Maces & Flails
  3648 | D:5      | Killed a phantom
  3648 | D:5      | Reached XP level 7. HP: 39/41 MP: 7/7
  3758 | Temple   | Entered the Ecumenical Temple
  3803 | Temple   | Became a worshipper of Warmaster Okawaru
  4058 | D:5      | Reached skill level 8 in Maces & Flails
  4058 | D:5      | Reached skill level 1 in Invocations
  4286 | D:6      | Found a glowing silver altar of Zin.
  4287 | D:6      | Found a stormy altar of Qazlal.
  4287 | D:6      | Found a snail-covered altar of Cheibriados.
  4293 | D:6      | Found a basalt altar of Yredelemnul.
  4314 | D:6      | Found a hazy altar of Hepliaklqana.
  4481 | D:6      | Reached * piety under Okawaru
  4622 | D:6      | Found a deep blue altar of Sif Muna.
  4628 | D:6      | Reached XP level 8. HP: 39/46 MP: 9/9
  4761 | D:6      | Reached skill level 9 in Maces & Flails
  4790 | D:6      | Noticed Matt14916's ghost (novice MiFi)
  4972 | D:7      | Learned a level 2 spell: Call Imp
  5261 | D:7      | Reached ** piety under Okawaru
  5261 | D:7      | Reached skill level 10 in Maces & Flails
  5261 | D:7      | Reached skill level 1 in Summonings
  5384 | D:7      | Reached XP level 9. HP: 6/51 MP: 11/11
  6137 | D:7      | Reached skill level 11 in Maces & Flails
  6165 | D:7      | Found an opulent altar of Gozag.
  6767 | D:4      | Cast into level 2 of the Abyss (misery's ghost)
  6797 | Abyss:2  | Reached *** piety under Okawaru
  6835 | Abyss:2  | HP: 1/51 [earth elemental (22)]
  6836 | Abyss:2  | Slain by an earth elemental

Skill      XL: |  1  2  3  4  5  6  7  8  9 |
---------------+----------------------------+-----
Maces & Flails | 3 4 5 6 7 8 10 11 | 11.5
Invocations    | 2 3 |  3.1
Summonings     | 2 3 |  3.6
Fighting       | |  3.2
Armour         | |  3.2
Shields        | |  3.2

Action                   |  1- 3 |  4- 6 |  7- 9 || total
-------------------------+-------+-------+-------++-------
Melee: Flail             |   145 |   200 |   366 ||   711
  Use: Scroll            |     3 |       |       ||     3
       Potion            |       |       |     1 ||     1
  Eat: Chunk             |     3 |     6 |    10 ||    19
Armor: Scale mail        |    44 |       |       ||    44
       Chain mail        |    45 |   159 |   208 ||   412
Dodge: Dodged            |    56 |    46 |    53 ||   155
Block: Shield            |    91 |   129 |   147 ||   367
